 Dungeon Crawl Stone Soup version 0.25-a0-403-g49d089a364 (webtiles) character file.

Game seed: 7464449647725858161, levelgen mode: deterministic

6508 DerDa the Thaumaturge (level 11, -19/70 HPs)
             Began as an Octopode Fire Elementalist on Jan 9, 2020.
             Was a Believer of Sif Muna.
             Hit by a large rock thrown by a cyclops (34 damage)
             ... on level 11 of the Dungeon.
             The game lasted 00:30:38 (10980 turns).

DerDa the Thaumaturge (Octopode Fire Elementalist) Turns: 10980, Time: 00:30:38

Health: -19/70     AC:  5    Str:  8    XL:     11   Next: 0%
Magic:  16/34      EV: 13    Int: 21    God:    Sif Muna [**....]
Gold:   229        SH:  0    Dex: 15    Spells: 17/30 levels left

rFire    + . .     SeeInvis .   E - +4 scimitar
rCold    . . .     Gourm    .   (no shield)
rNeg     + . .     Faith    .   (helmet restricted)
rPois    .         Spirit   .   (no amulet)
rElec    .         Reflect  .   v - ring of positive energy
rCorr    .         Harm     .   d - ring of protection from fire
MR       +....                  C - +2 ring of protection
Stlth    +++.......             D - +3 ring of dexterity (curse)
HPRegen  0.21/turn              L - ring of flight
MPRegen  0.24/turn              N - ring of magical power
                                P - ring of protection from magic
                                Q - +2 ring of protection

@: no status effects
A: almost no armour, stealthy swim, amphibious, 8 rings, constrict 8, camouflage
1, gelatinous body 1
a: Channel Magic, Renounce Religion, Evoke Flight


You were on level 11 of the Dungeon.
You worshipped Sif Muna.
Sif Muna was pleased with you.
You were not hungry.

You visited 2 branches of the dungeon, and saw 12 of its levels.

You collected 471 gold pieces.
You spent 242 gold pieces at shops.

Inventory:

Hand Weapons
 a - a +0 mace of crushing
 c - a +0 hunting sling
 E - a +4 scimitar (weapon)
 M - a +1 spear of pain
Missiles
 e - 306 stones (quivered)
 h - 127 sling bullets
 x - 34 poisoned darts
 z - 5 curare-tipped darts
Jewellery
 d - a ring of protection from fire (right tentacle)
 v - a ring of positive energy (left tentacle)
 C - a +2 ring of protection (on tentacle)
 D - a cursed +3 ring of dexterity (on tentacle)
 L - a ring of flight (on tentacle)
 N - a ring of magical power (on tentacle)
 P - a ring of protection from magic (on tentacle)
 Q - a +2 ring of protection (on tentacle)
Wands
 B - a wand of random effects (32)
 T - a wand of flame (13)
Scrolls
 f - 14 scrolls of identify {unknown}
 j - 5 scrolls of teleportation {unknown}
 m - 5 scrolls of enchant weapon {unknown}
 o - 3 scrolls of blinking {unknown}
 r - 2 scrolls of random uselessness {unknown}
 t - 5 scrolls of amnesia {unknown}
 u - a scroll of enchant armour {unknown}
 w - 4 scrolls of remove curse {unknown}
 y - a scroll of fear {unknown}
 H - a scroll of vulnerability {unknown}
 J - a scroll of fog {unknown}
 K - a scroll of holy word {unknown}
 O - a scroll of summoning {unknown}
 R - a scroll of magic mapping {unknown}
Potions
 g - 2 potions of haste
 i - 2 potions of agility {unknown}
 k - 2 potions of resistance {unknown}
 l - 3 potions of heal wounds {unknown}
 n - 2 potions of magic {unknown}
 p - 4 potions of flight {unknown}
 q - a potion of degeneration {unknown}
 s - 5 potions of curing {unknown}
 A - 2 potions of lignification {unknown}
 F - 2 potions of ambrosia {unknown}
 G - 2 potions of invisibility {unknown}
 I - 2 potions of might {unknown}
 S - a potion of brilliance {unknown}
Comestibles
 b - 15 rations


   Skills:
 + Level 4.5 Fighting
 - Level 2.0 Dodging
 - Level 2.6 Stealth
 * Level 10.0 Spellcasting
 + Level 7.4 Conjurations
 + Level 8.0 Fire Magic
 + Level 4.9 Invocations


You had 17 spell levels left.
You knew the following spells:

 Your Spells              Type           Power        Failure   Level  Hunger
a - Foxfire               Conj/Fire      ####         1%          1    None
b - Conjure Flame         Conj/Fire      #####...     1%          3    None
c - Sticky Flame          Conj/Fire      #####...     2%          4    ##.....
d - Fireball              Conj/Fire      #####.....   8%          5    ####...

Your spell library contained the following spells:

 Spells                   Type           Power        Failure   Level  Hunger
 Inner Flame              Hex/Fire       ####....     3%          3    None
 Dazzling Flash           Conj/Hex       ####..       4%          3    None
 Beastly Appendage        Tmut           ##....       6%          1    None
 Corona                   Hex            ##.....      6%          1    None
 Mephitic Cloud           Conj/Pois/Air  ###.....     7%          3    None
 Ensorcelled Hibernation  Hex/Ice        ##....       10%         2    None
 Poisonous Vapours        Pois/Air       ##....       10%         2    None
 Sticks to Snakes         Tmut           ##......     10%         2    None
 Confusing Touch          Hex            ##......     19%         3    None
 Spider Form              Tmut/Pois      ##........   19%         3    None
 Tukima's Dance           Hex            ##......     19%         3    None
 Ice Form                 Ice/Tmut       ##......     54%         4    ##.....
 Blade Hands              Tmut           ##........   87%         5    ####...
 Freezing Cloud           Conj/Ice/Air   ###.......   98%         6    ######.
 Ring of Flames           Chrm/Fire      ####......   100%        7    #######


Dungeon Overview and Level Annotations

Branches:
Dungeon (11/15)            Temple (1/1) D:6
   Lair: D:8-11         Orc: D:9-12

Altars:
Ashenzari
Cheibriados
Dithmenos
Elyvilon
Fedhas
Gozag
Hepliaklqana
Kikubaaqudgha
Makhleb
Nemelex Xobeh
Okawaru
Qazlal
Ru
Sif Muna
Trog
Uskayaw
Vehumet
Wu Jian
Xom
Yredelemnul
Zin
The Shining One

Shops:
D:8 =


Innate Abilities, Weirdness & Mutations

You cannot wear most types of armour.
You are very stealthy in the water. (Stealth+)
You are amphibious.
You can wear up to eight rings at the same time.
You can use your tentacles to constrict eight enemies at once.
Your skin changes colour to match your surroundings (Stealth+).
Your rubbery body absorbs attacks. (AC +1, EV +1)


Message History

Ouch! That really hurt!
The orc warrior hits you with a +0 halberd!
* * * LOW HITPOINT WARNING * * *
You see here a large rock.
Casting: Fireball (safe; 8% risk of failure)
Confirm with . or Enter, or press ? or * to list all spells.
Aiming: Sticky Flame (safe; 2% risk of failure)
Press: ? - help, Shift-Dir - straight line, f/p - orc warrior
Aim: an orc warrior, wielding a +0 halberd and wearing a +0 chain mail (severely wounded)
The sticky flame hits the orc warrior.
The orc warrior is severely wounded.
The orc warrior is covered in liquid flames!
The orc warrior burns!
You kill the orc warrior!
Sif Muna accepts your kill.
Your Spellcasting skill increases to level 10!
You have reached level 11!
An orc comes into view. It is wielding a +0 flail.
The cyclops throws a large rock.
The large rock hits you!!
You die...

#.C.....#
#.......# .
#.......# ..
#.....Z.#
...###.......#
.............####
......[.........o
.........@)....o.
........<..)#####
............#
............#
............#
........##..#
........# ..#
#.......# ..#
#>......# ..#


You could see a cyclops, an orc wizard, an orc and a bullfrog zombie.

Vanquished Creatures
  2 two-headed ogres
  Psyche (D:10)
  A gargoyle (D:10)
  A troll (D:9)
  2 hippogriffs
  Sigmund (D:6)
  A wraith (D:10)
  A hungry ghost (D:10)
  3 ice beasts
  4 ogres
  2 orc warriors
  2 phantoms
  4 centaurs
  4 bullfrogs
  2 scorpions
  A howler monkey (D:6)
  12 wights
  An electric eel (D:7)
  6 crimson imps
  A bullfrog zombie (D:6)
  3 hounds
  5 jellies
  A quasit (D:10)
  4 orc priests
  3 iguanas
  6 orc wizards
  A centaur skeleton (D:6)
  6 worker ants
  A hound zombie (D:6)
  A hound skeleton (D:8)
  A howler monkey zombie (D:10)
  7 gnolls (D:8)
  10 adders
  3 shadow imps
  An adder skeleton (D:9)
  6 dart slugs
  4 leopard geckos
  27 orcs
  14 bats
  4 giant cockroaches
  10 hobgoblins
  9 jackals
  4 quokkas
  11 frilled lizards
  A giant cockroach zombie (D:3)
  2 gnoll zombies (D:9)
  10 goblins
  A jackal skeleton (D:6)
  A jackal zombie (D:6)
  9 kobolds
  2 quokka skeletons
  9 rats
229 creatures vanquished.

Vanquished Creatures (others)
  693 foxfires
693 creatures vanquished.

Grand Total: 922 creatures vanquished

Notes
Turn   | Place    | Note
-------+----------+-------------------------------------------
     0 | D:1      | DerDa the Octopode Fire Elementalist began the quest for
                  | the Orb.
     0 | D:1      | Reached XP level 1. HP: 11/11 MP: 3/3
   186 | D:1      | Reached XP level 2. HP: 13/17 MP: 3/5
   472 | D:1      | Reached XP level 3. HP: 7/21 MP: 4/7
  1390 | D:1      | Reached skill level 3 in Spellcasting
  1390 | D:1      | Reached XP level 4. HP: 12/27 MP: 5/8
  2132 | D:2      | Reached XP level 5. HP: 15/31 MP: 3/10
  2140 | D:2      | Learned a level 3 spell: Conjure Flame
  2145 | D:2      | Learned a level 4 spell: Sticky Flame
  2999 | D:3      | Reached skill level 4 in Spellcasting
  3724 | D:4      | Reached XP level 6. HP: 36/36 MP: 6/12
  4237 | D:4      | Noticed a phantom
  4274 | D:4      | Reached skill level 5 in Spellcasting
  4274 | D:4      | Reached XP level 7. HP: 26/41 MP: 6/14
  4513 | D:4      | Found a burning altar of Makhleb.
  4718 | D:5      | Entered Level 5 of the Dungeon
  4958 | D:5      | Found a stormy altar of Qazlal.
  4958 | D:5      | Found a blossoming altar of Fedhas.
  5046 | D:5      | Reached skill level 5 in Fire Magic
  5585 | D:5      | Reached skill level 6 in Spellcasting
  5585 | D:5      | Reached XP level 8. HP: 38/46 MP: 11/17
  6500 | D:6      | Found a staircase to the Ecumenical Temple.
  6510 | Temple   | Entered the Ecumenical Temple
  6524 | Temple   | Became a worshipper of Sif Muna the Loreminder
  6694 | D:6      | Reached skill level 5 in Conjurations
  6769 | D:6      | Reached skill level 7 in Spellcasting
  6976 | D:6      | Reached XP level 9. HP: 26/51 MP: 15/20
  7198 | D:6      | Noticed Sigmund
  7206 | D:6      | Killed Sigmund
  7209 | D:6      | Reached * piety under Sif Muna
  7587 | D:7      | Reached skill level 8 in Spellcasting
  7587 | D:7      | Reached skill level 1 in Invocations
  7637 | D:7      | Learned a level 5 spell: Fireball
  7664 | D:7      | Reached skill level 1 in Fighting
  7971 | D:7      | Found a shattered altar of Ashenzari.
  8572 | D:8      | Found a glowing golden altar of the Shining One.
  8636 | D:8      | Noticed a two-headed ogre
  8648 | D:8      | Killed a two-headed ogre
  8648 | D:8      | Reached XP level 10. HP: 62/62 MP: 2/22
  8851 | D:8      | Found Guopis's Jewellery Boutique.
  8859 | D:8      | Bought a cursed amulet of inaccuracy for 22 gold pieces
  8859 | D:8      | Bought an uncursed ring of magical power for 220 gold
                  | pieces
  9154 | D:9      | Reached skill level 9 in Spellcasting
  9407 | D:9      | Reached ** piety under Sif Muna
  9616 | D:9      | Found a basalt altar of Yredelemnul.
  9661 | D:9      | Found a radiant altar of Vehumet.
  9719 | D:9      | Found a bloodstained altar of Trog.
  9904 | D:10     | Entered Level 10 of the Dungeon
  9996 | D:10     | Noticed a two-headed ogre
 10012 | D:10     | Killed a two-headed ogre
 10407 | D:10     | Noticed a gargoyle
 10596 | D:10     | Killed a gargoyle
 10600 | D:10     | Noticed Psyche
 10604 | D:10     | Killed Psyche
 10979 | D:11     | Noticed a cyclops
 10980 | D:11     | Reached skill level 10 in Spellcasting
 10980 | D:11     | Reached XP level 11. HP: 15/70 MP: 16/25
 10980 | D:11     | Hit by a large rock thrown by a cyclops

Levels and vault maps discovered:
D:1:      nicolae_arrival_somewhat_less_tricky_arrival, layout_basic
D:2:      layout_basic
D:3:      layout_basic
D:4:      minmay_chambers_of_threes, layout_loops_corners, first_ration,
          makhleb_blood_cavern_becter
D:5:      layout_basic, grunt_temple_overflow_forces_of_nature
D:6:      layout_rooms, temple_pool_b, sigmund_army
D:7:      layout_layer_cave, minivault_4, cheibrodos_ashenzari_chains
D:8:      layout_cave_pools, lemuel_round_altar, serial_shops,
          nicolae_shop_stone
D:9:      layout_long_grid, lemuel_zombie_altar_yredelemnul,
          lightli_temple_of_fire, lemuel_crystal_altar
D:10:     layout_long_grid, uniq_psyche
D:11:     layout_long_grid, lair_entry_dummy, gauntlet_entry_generic,
          hangedman_pestilent_swarm
Temple:   eino_temple_scatter_basement

Skill      XL: |  1  2  3  4  5  6  7  8  9 10 |
---------------+-------------------------------+-----
Spellcasting   | 3 4 5 6 7 8 10 | 10.0
Conjurations   | 2 3 4 5 6 7 |  7.4
Fire Magic     | 4 5 6 7 8 |  8.0
Invocations    | 3 4 |  4.9
Fighting       | 2 4 |  4.5
Dodging        | |  2.0
Stealth        | |  2.6

Action                   |  1- 3 |  4- 6 |  7- 9 | 10-12 || total
-------------------------+-------+-------+-------+-------++-------
Melee: Mace              |    20 |    22 |    26 |       ||    68
       Constrict         |     7 |     6 |     6 |     7 ||    26
       Tentacles         |     2 |     2 |     2 |     7 ||    13
       Short sword       |       |       |     3 |       ||     3
       Scimitar          |       |       |     2 |    23 ||    25
 Cast: Foxfire           |    35 |   110 |   166 |   122 ||   433
       Sticky Flame      |       |     3 |    25 |    15 ||    43
       Conjure Flame     |       |     1 |       |       ||     1
       Fireball          |       |       |     3 |    11 ||    14
 Stab: Sleeping          |     1 |     3 |     1 |       ||     5
  Eat: Chunk             |     2 |     9 |    16 |     9 ||    36
       Ration            |       |       |       |     1 ||     1
Armor: Skin              |     6 |     5 |     7 |     8 ||    26
Dodge: Dodged            |    14 |    28 |    60 |    32 ||   134
       Rpst.: Scimitar   |       |       |       |    11 ||    11

Table legend:
 A = Non-vault XP
 B = Vault XP
 C = Vault XP percentage of total XP
 D = Non-vault monster count
 E = Vault monster count
 F = Vault count percentage of total count
                 A         B        C        D         E       F
            +---------+---------+-------+---------+---------+-------
      Total |    8361 |     937 |  10.1 |     213 |      16 |   7.0
            +---------+---------+-------+---------+---------+-------
        D:1 |      96 |       0 |   0.0 |      34 |       0 |   0.0
        D:2 |     132 |       0 |   0.0 |      30 |       0 |   0.0
        D:3 |      52 |       0 |   0.0 |      17 |       0 |   0.0
        D:4 |     479 |     234 |  32.8 |      22 |       8 |  26.7
        D:5 |     579 |       0 |   0.0 |      14 |       0 |   0.0
        D:6 |     876 |     246 |  21.9 |      28 |       5 |  15.2
        D:7 |     896 |       0 |   0.0 |      12 |       0 |   0.0
        D:8 |    1374 |       0 |   0.0 |      19 |       0 |   0.0
        D:9 |    1345 |       3 |   0.2 |      18 |       2 |  10.0
       D:10 |    2357 |     454 |  16.2 |      17 |       1 |   5.6
       D:11 |     175 |       0 |   0.0 |       2 |       0 |   0.0
            +---------+---------+-------+---------+---------+-------
